Map: Santuário das Trevas LE

Players

Matt - Winner!

  • Race: Terran Terran
  • League: Silver
  • Spawn Location: 1:00

IagoAbreu

  • Race: Zerg Zerg
  • Spawn Location: 7:00

VOD

Have the link to the VOD?

Description

Time

  • Played on: May 15, 2018, 12:40 p.m.
  • Length: 11:50
Show
View Real Time Build Order
Export as new Build Order

Matt Terran - Winner!

Build Orders:  

Get SALT Encoding   

  12  0:02  SCV  
  13  0:15  SCV  
  14  0:28  Supply Depot  
  14  0:29  SCV  
  15  0:41  Refinery  
  15  0:51  SCV  
  15  0:55  Barracks  
  16  1:03  SCV  
  17  1:17  SCV  
  18  1:46  Bunker  
  18  1:47  Marine  
  18  1:51  Orbital Command  
  19  1:54  Supply Depot  
  19  2:05  Marine  
  20  2:22  Factory  
  20  2:26  Barracks Reactor  
  20  2:29  SCV  
  21  2:33  Supply Depot  
  21  2:41  SCV  
  22  3:05  SCV  
  23  3:11  Command Center  
  23  3:19  Hellion x2  
  27  3:24  Refinery  
  27  3:25  SCV, Barracks Tech Lab  
  28  3:37  SCV  
  29  3:48  Hellion x2  
  31  4:09  Hellion x2  
  35  4:19  Supply Depot x2  
  35  4:25  SCV  
  35  4:29  Factory  
  36  4:39  Cyclone  
  36  4:40  Cyclone  
  36  4:41  Barracks Tech Lab  
  39  5:03  SCV  
  40  5:12  Hellion x2  
  40  5:13  SCV  
  45  5:15  SCV  
  46  5:22  Supply Depot  
  46  5:37  Hellion  
  46  5:38  Hellion  
  50  5:54  Supply Depot  
  50  5:56  Siege Tank  
  53  5:58  SCV  
  53  6:03  Armory  
  54  6:10  SCV  
  55  6:21  Hellion  
  55  6:22  Hellion  
  55  6:24  Starport  
  55  6:25  Orbital Command  
  59  6:34  Hellion  
  59  6:35  Infernal Pre-Igniter  
  61  6:50  Cyclone x2  
  61  6:52  Engineering Bay  
  67  7:10  Starport Tech Lab  
  68  7:15  SCV  
  68  7:16  Refinery  
  68  7:27  SCV  
  63  8:00  Hellion  
  63  8:02  Hellion x2  
  67  8:23  Hellion x2  
  56  9:01  Barracks Tech Lab  
  56  9:03  Viking  
  56  9:06  Hellion x2  
  62  9:23  SCV  
  63  9:28  Starport  
  63  9:35  SCV  
  61  10:10  Factory  
  61  10:13  Starport Tech Lab  
  61  10:17  Supply Depot  
  61  10:24  Refinery  
  61  10:25  Thor  
  65  11:48  Supply Depot  
Show
View Real Time Build Order
Export as new Build Order

IagoAbreu Zerg 

Build Orders: Pool First 

Get SALT Encoding   

  12  0:02  Drone  
  13  0:08  Drone  
  14  0:17  Overlord  
  14  0:26  Drone, Extractor  
  14  0:36  Drone  
  14  0:37  Drone  
  16  0:50  Spawning Pool  
  16  0:51  Drone  
  16  0:58  Drone  
  17  1:10  Evolution Chamber  
  16  1:13  Overlord  
  16  1:34  Drone x2  
  16  1:38  Queen  
  20  1:55  Hatchery  
  19  2:02  Zerg Melee Weapons Level 1  
  19  2:04  Drone  
  19  2:07  Drone  
  21  2:23  Metabolic Boost  
  21  2:25  Zergling x4  
  23  2:33  Queen  
  25  2:57  Zergling x10  
  27  4:00  Zergling x2  
  27  4:01  Zergling x18  
  27  4:02  Zergling x4  
  35  4:19  Lair  
  35  4:20  Zerg Ground Armor Level 1  
  35  4:32  Zergling x2  
  35  4:36  Overlord x3  
  24  5:08  Drone  
  24  5:09  Drone x5  
  24  5:10  Drone x2  
  24  5:11  Drone x4  
  24  5:14  Extractor  
  35  5:17  Baneling Nest  
  35  5:20  Pneumatized Carapace  
  33  5:44  Zergling x20  
  43  6:13  Centrifical Hooks  
  43  6:14  Zerg Melee Weapons Level 2  
  43  6:20  Zergling x10  
  43  6:21  Zergling x10  
  53  6:26  Extractor  
  53  6:29  Extractor  
  53  6:30  Queen  
  53  6:31  Queen  
  55  6:52  Overseer  
  55  6:54  Baneling x3  
  55  6:55  Baneling  
  55  7:05  Drone x3  
  55  7:06  Drone x2  
  60  7:33  Zergling x2  
  60  7:34  Zergling x2  
  36  7:57  Baneling  
  36  7:58  Baneling  
  24  8:00  Zergling x10  
  24  8:01  Zergling x6  
  29  8:15  Drone  
  30  8:22  Baneling x4, Spine Crawler  
  30  8:23  Baneling x4  
  26  8:33  Spine Crawler  
  11  9:14  Zergling x10  
  14  9:21  Hatchery  
  13  9:37  Baneling x5  
  13  9:48  Baneling  
  13  9:51  Baneling  
  13  10:00  Baneling  
  13  10:03  Baneling  
  13  10:07  Baneling  
Tags
 
Add a new tag
Caveats
  • Supply blocks, unpowered buildings, or Contaminate may cause inaccurate times.
  • Supply counts are checked every 10 seconds.